 Dungeon Crawl Stone Soup version 0.30.2 (webtiles) character file.

Game seed: 5126350550365777765

121 porpoise the Digger (level 5, -5/28 HPs)
             Began as a Gargoyle Earth Elementalist on Feb 14, 2024.
             Slain by Crazy Yiuf
             ... wielding a +4 quarterstaff of chaos
              (10 damage)
             ... on level 3 of the Dungeon.
             The game lasted 00:10:25 (2851 turns).

porpoise the Digger (Gargoyle Earth Elementalist)   Turns: 2851, Time: 00:10:33

Health: -5/28      AC:  8    Str: 12    XL:     5   Next: 5%
Magic:  9/9        EV: 11    Int: 17    God:
Gold:   52         SH:  0    Dex: 10    Spells: 6/10 levels left

rFire   . . .        a - +2 mace (drain)
rCold   . . .        (no shield)
rNeg    + . .        c - +0 robe
rPois   ∞            (no helmet)
rElec   +            (no cloak)
rCorr   .            (no gloves)
SInv    .            p - +1 pair of boots
Will    .....        (no amulet)
Stlth   +            (no ring)
HPRegen 0.24/turn    (no ring)
MPRegen 0.11/turn

%: no passive effects
@: confused
A: sickness immunity, AC +4, negative energy resistance 1, electricity
resistance, torment resistance 1, petrification resistance
a: no special abilities


You were on level 3 of the Dungeon.
You visited 1 branch of the dungeon, and saw 3 of its levels.

You collected 52 gold pieces.

Inventory:

Hand Weapons
 a - a +2 mace of draining (weapon)
 b - a +0 sling
 s - a +0 short sword
Missiles
 u - 2 poisoned darts
Armour
 c - a +0 robe (worn)
 p - a +1 pair of boots (worn)
Jewellery
 k - a ring of flight
Scrolls
 d - 3 scrolls of identify
 e - a scroll of enchant armour
 h - a scroll of fear
 i - a scroll of immolation {unknown}
 l - a scroll of torment {unknown}
 n - 2 scrolls of magic mapping
 q - a scroll of amnesia {unknown}
 r - a scroll of brand weapon {unknown}
Potions
 f - 3 potions of curing
 g - a potion of lignification {unknown}
 j - a potion of magic
 m - 3 potions of heal wounds {unknown}
 o - 2 potions of mutation {unknown}
 t - a potion of flight {unknown}
 v - a potion of ambrosia {unknown}


   Skills:
 - Level 1.5 Dodging
 + Level 3.3 Stealth
 - Level 3.0 Spellcasting
 + Level 2.0 Conjurations
 - Level 0.7 Transmutations
 + Level 4.8 Earth Magic


You had 6 spell levels left.
You knew the following spells:

 Your Spells              Type           Power      Damage    Failure   Level
a - Sandblast             Erth           36%        2d10      2%          1
b - Stone Arrow           Conj/Erth      28%        3d8       13%         3

Your spell library contained the following spells:

 Spells                   Type           Power      Damage    Failure   Level
 Passwall                 Tmut/Erth      9%         N/A       9%          2
 Vhi's Electric Charge    Tloc/Air       4%         N/A       45%         3
 Petrify                  Tmut/Erth      11%        N/A       50%         4
 Arcjolt                  Conj/Air       3%         1d13      97%         5
 Maxwell's Capacitive Co  Air            1%         ∞         100%        8


Dungeon Overview and Level Annotations

Branches:
Dungeon (3/15)

Altars:
Uskayaw

Shops:
D:3 (

Annotations:
D:3 Crazy Yiuf


Innate Abilities, Weirdness & Mutations

You are immune to sickness and miasma.
Your stone body is resilient. (AC +4)
You are immune to poison.
You resist negative energy. (rN+)
You are resistant to electric shocks. (rElec)
You are resistant to unholy torment.
You are immune to petrification.


Message History

You see here a +0 halberd.
Things that are here:
a +0 flail; a gnoll corpse
Found a stone staircase leading up.
You see here a +0 club.
Things that are here:
a +0 flail; a gnoll corpse You see here a +0 whip.
Found a hammer.
Found a runed translucent door.
b - a +0 sling (weapon)
You sense an unholy aura.
a - a +2 mace of draining (weapon)
Crazy Yiuf shouts!
You open the door.
Casting: Sandblast (safe; 2% risk of failure)
Confirm with . or Enter, or press ? or * to list all spells.
Aiming: Sandblast (safe; 2% risk of failure)
Press: ? - help, Shift-Dir - straight line, f - Crazy Yiuf
Aim: Crazy Yiuf, wielding a +4 quarterstaff of chaos and wearing a +1 cloak of willpower (84% to hit)
The blast of sand hits Crazy Yiuf but does no damage.
You hit Crazy Yiuf. You drain Crazy Yiuf.
Crazy Yiuf is heavily wounded.
Crazy Yiuf misses you. x2
You closely miss Crazy Yiuf.
Crazy Yiuf is heavily wounded.
Crazy Yiuf says, "You turtle broken!"
Crazy Yiuf closely misses you.
You barely miss Crazy Yiuf.
Crazy Yiuf is heavily wounded.
Crazy Yiuf hits you with a +4 quarterstaff of chaos!
You are confused.
You bump into the tree.
Crazy Yiuf barely misses you.
You sock Crazy Yiuf!
Crazy Yiuf is severely wounded.
Crazy Yiuf hits you with a +4 quarterstaff of chaos!
Crazy Yiuf freezes you.
Crazy Yiuf hits you with a +4 quarterstaff of chaos.
* * * LOW HITPOINT WARNING * * *
Space warps horribly around you!
You die...

#.#
#..........##....
#.#
#..........##....
#.#
#................
#.#
############.....
#.## ####.....
#..# #........
##.###♣♣♣♣♣
#...##...
#.#....♣.♣♣♣**###
#........
#.......♣.@♣#...#
#...#####
#......♣♣♣♣g'...#
#......##
##....♣♣ ♣♣#..)#
#....#.## ####♣♣
**### #...##...
#...##### #####


You could see Crazy Yiuf (very drained).

Vanquished Creatures
  4 gnolls (D:3)
  An adder (D:2)
  A worm (D:3)
  3 dart slugs
  5 orcs (D:3)
  5 ball pythons
  3 endoplasms
  2 giant cockroaches (D:3)
  5 goblins
  5 hobgoblins
  6 jackals
  A quokka (D:3)
  8 bats
  4 frilled lizards
  6 rats
59 creatures vanquished.

Notes
Turn   | Place    | Note
-------+----------+-------------------------------------------
     0 | D:1      | porpoise the Gargoyle Earth Elementalist began the quest
                  | for the Orb.
     0 | D:1      | Reached XP level 1. HP: 10/10 MP: 3/3
   111 | D:1      | Reached XP level 2. HP: 13/15 MP: 0/5
   508 | D:1      | Reached skill level 4 in Earth Magic
   718 | D:1      | Reached XP level 3. HP: 19/19 MP: 4/7
   756 | D:1      | Learned a level 3 spell: Stone Arrow
  1346 | D:2      | Noticed a great orb of eyes
  1349 | D:2      | Found a faded altar of an unknown god.
  1351 | D:2      | Noticed a shining eye
  1351 | D:2      | Noticed a shining eye
  1351 | D:2      | Noticed a great orb of eyes
  2092 | D:3      | Reached skill level 1 in Conjurations
  2112 | D:3      | Reached XP level 4. HP: 21/24 MP: 8/8
  2235 | D:3      | Found Ikhluz's Weapon Boutique.
  2420 | D:3      | Found a hide-covered altar of Uskayaw.
  2686 | D:3      | Reached XP level 5. HP: 28/28 MP: 6/9
  2838 | D:3      | Found a runed translucent door.
  2839 | D:3      | Noticed Crazy Yiuf
  2851 | D:3      | Slain by Crazy Yiuf

Illustrated notes

Levels and vault maps discovered:
D:1:      dpeg_arrival_simpleton_a, layout_basic
D:2:      layout_basic, hellmonk_ecumenical_altar_watching_god
D:3:      layout_basic, mainiacjoe_overflow_alcove_4, serial_shops,
          nicolae_shop_bloodbath_and_beyond, uniq_crazy_yiuf_cottage

Skill      XL: |  1  2  3  4 |
---------------+-------------+-----
Earth Magic    | 4 |  4.8
Spellcasting   | 3 |  3.0
Conjurations   | 1 2 |  2.0
Stealth        | 3 |  3.3
Dodging        | |  1.5
Transmutations | |  0.7

Action                     |  1- 3 |  4- 6 || total
---------------------------+-------+-------++-------
  Melee: Dagger            |     1 |       ||     1
         Mace              |       |    18 ||    18
   Fire: Sling             |    16 |    30 ||    46
   Cast: Sandblast         |    47 |    25 ||    72
    Use: Scroll            |       |     4 ||     4
 Armour: Robe              |    10 |    28 ||    38
  Dodge: Dodged            |    11 |    55 ||    66
